 Dungeon Crawl Stone Soup version 0.31.0-2-g5a2aebc5c2 (webtiles) character file.

Game seed: 10442419521235170886

4354720 freelancePsychic the Cryomancer (level 27, 211/213 HPs)
             Began as a Djinni Fire Elementalist on Jan 20, 2024.
             Was the Champion of Ashenzari.
             Escaped with the Orb
             ... and 5 runes
             ... and 4 gems on Jan 21, 2024!
             The game lasted 02:36:36 (50788 turns).

freelancePsychic the Cryomancer (DjFE)             Turns: 50788, Time: 02:36:36

Health: 211/213    AC: 18    Str: 19    XL:     27
Gold:   6426       EV: 25    Int: 39    God:    Ashenzari [******] SH: 23 Dex: 15

rFire   + + .        S - staff "Overhang to Understand" (curse) {rC+ Ice, Elem, Bglg} (curse)
rCold   + . .        M - +0 tower shield "Gaze Upon Infinity" {Regen+ Str+3 Dex+2, Melee, Elem} (curse)
rNeg    . . .        f - +3 troll leather armour "Eternal Together" {Regen+, Sorc, Self} (curse)
rPois   ∞            Z - +2 helmet "Bound With Me" {SInv, Elem, Sorc} (curse)
rElec   .            n - +1 cloak of Ashenzari's Secrets {Sorc, Comp} (curse)
rCorr   .            Y - +2 pair of gloves "Circumscribed Ennui" {Str+3, Dev, Self} (curse)
SInv    +            (boots unavailable)
Will    ++...        I - amulet of Ashenzari's Stickiness {Regen+, Cun, Self} (curse)
Stlth   ++           t - ring "Lashed Chagrin" {rC+ Str+6 Int+4 Dex-3, Cun, Comp} (curse)
HPRegen 2.95/turn    A - ring of Ashenzari's Idealism {Int+6, Melee, Elem} (curse)
MPRegen 0.00/turn

%: clarity
@: flying, studying 4 skills
A: sickness immunity, fire resistance 2, cold vulnerability 1, float, innate
caster, HP casting, extra vitality 1, screaming 1, subdued magic 1
0: Orb of Zot
}: 5/15 runes: serpentine, barnacled, slimy, silver, abyssal
a: Renounce Religion, Shatter the Chains


You escaped.
You worshipped Ashenzari.
Ashenzari was exalted by your worship.
You visited 11 branches of the dungeon, and saw 55 of its levels.
You visited the Abyss 2 times.
You visited 1 bazaar.
You also visited: Ice Cave.

You collected 9490 gold pieces.
You spent 3064 gold pieces at shops.

Inventory:

Armour
 f - the cursed +3 troll leather armour "Eternal Together" (worn) {Regen+, Sorc, Self}
   (You found it on level 1 of the Vaults)

   Regen+:    It increases your rate of health regeneration.
   It has a curse which improves the following skills: Sorcery: Conjurations and
   Alchemy.
   Introspection: Fighting and Spellcasting.
 g - a scarf of resistance
 n - the cursed +1 cloak of Ashenzari's Secrets (worn) {Sorc, Comp}
   (You found it on level 2 of the Dungeon)

   It has a curse which improves the following skills: Sorcery: Conjurations and
   Alchemy.
   Companions: Summonings and Necromancy.
 M - the cursed +0 tower shield "Gaze Upon Infinity" (worn) {Regen+ Str+3 Dex+2, Melee, Elem}
   (You took it off a daeva on level 3 of the Depths)

   Str+3:     It affects your strength (+3).
   Dex+2:     It affects your dexterity (+2).
   Regen+:    It increases your rate of health regeneration.
   It has a curse which improves the following skills: Melee Combat: Short
   Blades, Long Blades, Axes, Maces & Flails, Polearms, Staves and Unarmed
   Combat.
   Elements:  Fire Magic, Ice Magic, Air Magic and Earth Magic.
 Y - the cursed +2 pair of gloves "Circumscribed Ennui" (worn) {Str+3, Dev, Self}
   (You bought it in a shop on level 12 of the Dungeon)

   It has a curse which improves the following skills: Devices: Evocations and
   Shapeshifting.
   Introspection: Fighting and Spellcasting.
 Z - the cursed +2 helmet "Bound With Me" (worn) {SInv, Elem, Sorc}
   (You bought it in a shop on level 12 of the Dungeon)

   It has a curse which improves the following skills: Elements: Fire Magic, Ice
   Magic, Air Magic and Earth Magic.
   Sorcery:   Conjurations and Alchemy.
Magical Staves
 c - the staff of Foiprec {rPois rN+ Dex+3 SInv Conj Necro}
   (You found it on level 3 of the Elven Halls)

   [staff of death]

   Base accuracy: +5 Base damage: 5 Base attack delay: 1.2 This weapon's minimum
   attack delay (0.6) is reached at skill level 12.
   Dex+3:     It affects your dexterity (+3).
   rPois:     It protects you from poison rN+: It protects you from negative
   energy.
   SInv:      It lets you see invisible.
   Conj:      It increases the power of your Conjurations spells.
   Necro:     It increases the power of your Necromancy spells.
   It falls into the 'Staves' category.
   It is a one-handed weapon.
 r - the staff "Atru" {rCorr Dex+2 Necro Air Earth}
   (You found it on level 3 of the Crypt)

   [staff of earth]

   Base accuracy: +5 Base damage: 5 Base attack delay: 1.2 This weapon's minimum
   attack delay (0.6) is reached at skill level 12.
   Dex+2:     It affects your dexterity (+2).
   rCorr:     It protects you from acid and corrosion.
   Necro:     It increases the power of your Necromancy spells.
   Air:       It increases the power of your Air spells.
   Earth:     It increases the power of your Earth spells.
   It falls into the 'Staves' category.
   It is a one-handed weapon.
 S - the cursed staff "Overhang to Understand" (weapon) {rC+ Ice, Elem, Bglg}
   (You found it on level 3 of the Lair of Beasts)

   [staff of cold]

   Base accuracy: +5 Base damage: 5 Base attack delay: 1.2 This weapon's minimum
   attack delay (0.6) is reached at skill level 12.
   rC+:       It protects you from cold.
   Ice:       It increases the power of your Ice spells.
   It falls into the 'Staves' category.
   It is a one-handed weapon.
   It has a curse which improves the following skills: Elements: Fire Magic, Ice
   Magic, Air Magic and Earth Magic.
   Beguiling: Hexes and Translocations.
Jewellery
 t - the cursed ring "Lashed Chagrin" (left hand) {rC+ Str+6 Int+4 Dex-3, Cun, Comp}
   (You bought it in a shop on level 2 of the Depths)

   [ring of strength]

   Str+6:     It affects your strength (+6).
   Int+4:     It affects your intelligence (+4).
   Dex-3:     It affects your dexterity (-3).
   rC+:       It protects you from cold.
   It has a curse which improves the following skills: Cunning: Dodging and
   Stealth.
   Companions: Summonings and Necromancy.
 w - a +4 ring of protection
 A - the cursed ring of Ashenzari's Idealism (right hand) {Int+6, Melee, Elem}
   (You found it on level 6 of the Dungeon)

   [ring of intelligence]

   Int+6:     It affects your intelligence (+6).
   It has a curse which improves the following skills: Melee Combat: Short
   Blades, Long Blades, Axes, Maces & Flails, Polearms, Staves and Unarmed
   Combat.
   Elements:  Fire Magic, Ice Magic, Air Magic and Earth Magic.
 I - the cursed amulet of Ashenzari's Stickiness (around neck) {Regen+, Cun, Self}
   (You bought it in a shop on level 8 of the Dungeon)

   [amulet of regeneration]

   Regen+:    It increases your rate of health regeneration.
   It has a curse which improves the following skills: Cunning: Dodging and
   Stealth.
   Introspection: Fighting and Spellcasting.
 J - a ring of protection from fire
 K - the amulet "Tucsil" {RegenMP +Inv rElec Int-4 Slay+3}
   (You took it off an ironbound preserver on level 5 of the Vaults)

   [amulet of magic regeneration]

   RegenMP:   It increases your rate of magic regeneration.
   Int-4:     It affects your intelligence (-4).
   Slay+3:    It affects your accuracy & damage with ranged weapons and melee
   (+3).
   rElec:     It insulates you from electricity.
   +Inv:      It lets you turn invisible.
 O - an amulet of the acrobat
 P - a ring of wizardry
 Q - a ring of ice
 R - a ring of wizardry
 U - an amulet of reflection
Wands
 i - a wand of flame (140)
 v - a wand of mindburst (39)
 y - a wand of iceblast (35)
 E - a wand of paralysis (40)
 G - a wand of quicksilver (16)
 W - a wand of digging (40)
Scrolls
 h - 2 scrolls of fear
 j - 11 scrolls of teleportation {@r4}
 k - 4 scrolls of brand weapon
 o - 15 scrolls of poison
 p - 4 scrolls of enchant armour
 q - 6 scrolls of blinking
 s - 4 scrolls of silence
 u - 2 scrolls of immolation
 x - 5 scrolls of vulnerability
 B - a scroll of revelation
 D - 6 scrolls of enchant weapon
 F - 10 scrolls of fog
 T - 2 scrolls of summoning
Potions
 a - 4 potions of enlightenment
 b - 4 potions of cancellation
 d - a potion of haste {@q3}
 e - 6 potions of brilliance
 l - 24 potions of curing {@q1}
 z - 3 potions of mutation
 C - 3 potions of ambrosia
 H - 10 potions of lignification
 L - 6 potions of invisibility
 N - 5 potions of berserk rage
 V - a potion of resistance
 X - 9 potions of attraction


   Skills:
 + Level 18.4(22.9) Fighting
 - Level 9.5(13.1) Staves
 - Level 15.0 Armour
 - Level 22.0(25.1) Dodging
 - Level 11.7(15.3) Stealth
 * Level 24.1 Shields
 * Level 20.0(24.3) Spellcasting
 * Level 20.0(24.3) Conjurations
 * Level 20.0(22.1) Hexes
   Level 0.0 Charms
 * Level 20.0(23.2) Summonings
 * Level 20.0(23.2) Necromancy
 * Level 20.0(22.1) Translocations
   Level 0.0 Transmutations
 * Level 20.0(25.3) Fire Magic
 * Level 25.0(27) Ice Magic
 * Level 20.0(25.3) Air Magic
 * Level 20.0(25.3) Earth Magic
 * Level 20.0(24.3) Alchemy
 - Level 11.3(13.7) Evocations


You knew the following spells:

 Your Spells              Type           Power      Damage    Failure   Level
a - Bombard               Conj/Erth      55%        9d9       0%          6
b - Lehudib's Crystal Sp  Conj/Erth      55%        10d13     1%          8
c - Fire Storm            Conj/Fire      55%        8d14      1%          9
d - Summon Cactus Giant   Summ           54%        N/A       0%          6
e - Infestation           Necr           54%        N/A       1%          8
f - Sting                 Conj/Alch      100%       1d9       0%          1
g - Lesser Beckoning      Tloc           100%       N/A       0%          2
h - Haunt                 Necr/Summ      54%        N/A       1%          7
i - Borgnjor's Vile Clut  Necr/Erth      55%        N/A       0%          5
j - Curse of Agony        Necr           100%       N/A       0%          5
k - Teleport Other        Tloc           100%       N/A       0%          3
l - Volatile Blastmotes   Fire/Tloc      100%       2d18      0%          3
m - Confusing Touch       Hex            100%       N/A       0%          3
n - Foxfire               Conj/Fire      100%       2x1d9     0%          1
o - Flame Wave            Conj/Fire      100%       2d21      0%          4
p - Summon Hydra          Summ           54%        N/A       1%          7
q - Scorch                Fire           100%       2d9       0%          2
r - Inner Flame           Hex/Fire       100%       N/A       0%          3
Your spell library was empty.

Dungeon Overview and Level Annotations

Branches:
Dungeon (15/15)            Temple (0/1) D:4            Lair (5/5) D:8
 Shoals (4/4) Lair:2        Snake (4/4) Lair:2        Slime (5/5) Lair:4
    Orc (2/2) D:9             Elf (3/3) Orc:2        Vaults (5/5) D:13
  Crypt (3/3) Vaults:3     Depths (4/4) D:15            Zot (5/5) Depths:4
  IceCv (visited)
   Tomb: Crypt:3

Altars:
Ashenzari
Cheibriados
Gozag
Hepliaklqana
Nemelex Xobeh
Qazlal
Ru
Xom
Yredelemnul
Jiyva

Shops:
D:4 [   D:8 =   D:12 ![[   Orc:2 :*[(   Elf:2 *   Shoals:2 =   Snake:2 (
Snake:3 **   Vaults:5 !   Depths:2 !=   Depths:4 [

Portals:
Hell: Depths:1 Depths:2 Depths:3 Depths:4
Abyss: Depths:1 Depths:3
Ziggurat: Depths:3
Trove: Depths:4 (give 18 scrolls of teleportation)

Annotations:
D:2 1 runed translucent door, Crazy Yiuf
D:9 exclusion: obsidian statue
D:12 exclusions: tormentor and 1 more exclusion
D:14 3 runed translucent doors, middlethird's ghost, journeyman VSFE
Lair:1 3 runed translucent doors, Linnx's ghost, journeyman FoHu
Snake:1 3 runed translucent doors, BigPumpCobain's ghost, journeyman DrSh
Orc:1 1 runed translucent door, bpung's ghost, journeyman MfSh
Elf:2 3 runed translucent doors
Vaults:2 3 runed translucent doors, theMacoje's ghost, adept OnHs
Zot:2 1 runed translucent door
Zot:5 1 exclusion


Innate Abilities, Weirdness & Mutations

You are immune to sickness and miasma.
You are immune to poison.
Your flesh is very heat resistant. (rF++)
You are vulnerable to cold. (rC-)
You float through the air rather than walking.
You learn spells naturally, not from books.
Your magical power is your life essence.
You have superior vitality. (+4 MHP)
You occasionally shout uncontrollably at your foes.
Your spells are a little easier to cast, but a little less powerful.


Message History

The crystal spear hits the sun demon!!!
You kill the sun demon!
The balrug gestures at you.
The fireball explodes!
The fireball engulfs you! You resist.
Casting: Lehudib's Crystal Spear (mildly dangerous; 1% risk of failure)
Confirm with . or Enter, or press ? or * to list all spells.
Aiming: Lehudib's Crystal Spear (mildly dangerous; 1% risk of failure)
Press: ? - help, Shift-Dir - straight line, f - balrug
Aim: a balrug, wielding a +2 demon whip of electrocution (79% to hit)
The crystal spear misses the balrug.
The balrug gestures at you. The bolt of fire misses you.
Casting: Lehudib's Crystal Spear (mildly dangerous; 1% risk of failure)
Confirm with . or Enter, or press ? or * to list all spells.
Aiming: Lehudib's Crystal Spear (mildly dangerous; 1% risk of failure)
Press: ? - help, Shift-Dir - straight line, f/p - balrug
Aim: a balrug, wielding a +2 demon whip of electrocution (79% to hit)
The crystal spear hits the balrug!!!!
The balrug is almost dead.
The balrug hits you with a +2 demon whip of electrocution.
You are engulfed in flames.
You resist.
Casting: Lehudib's Crystal Spear (mildly dangerous; 1% risk of failure)
Confirm with . or Enter, or press ? or * to list all spells.
Aiming: Lehudib's Crystal Spear (mildly dangerous; 1% risk of failure)
Press: ? - help, Shift-Dir - straight line, f/p - balrug
Aim: a balrug, wielding a +2 demon whip of electrocution (almost dead, 79% to hit)
The crystal spear misses the balrug.
You block the balrug's attack.
Casting: Lehudib's Crystal Spear (mildly dangerous; 1% risk of failure)
Confirm with . or Enter, or press ? or * to list all spells.
Aiming: Lehudib's Crystal Spear (mildly dangerous; 1% risk of failure)
Press: ? - help, Shift-Dir - straight line, f/p - balrug
Aim: a balrug, wielding a +2 demon whip of electrocution (almost dead, 79% to hit)
The crystal spear hits the balrug!!!
You kill the balrug!
Your base Ice Magic skill increases to level 25!
There is a huge open gate here.
You reach down and open the door.
There is an open door here.
There is a staircase leading out of the dungeon here.
You have escaped!

##.#####.#..#..............#
##.#.....################.##
##.#.###.############## #.#
##.#...#.##...........# #.#
##.###.#.##...........# #.#
....).)..##..8.....8..# #.#
.....#.####...........# #.#
.........##...........###.#
.......#..'.....@.....'...#
...#...#.##...........###.#
##.......##...........# #.#
.....#...##..8.....8..# #.#
.#.#.###.##...........# #.#
...#.....##...........# #.######
..##################### #.#....#
........#################.#.##.#
###........##.............#.##.#


There were no monsters in sight!

Vanquished Creatures
  the Royal Jelly (Slime:5)
  3 dread liches
  An ancient lich (Crypt:3)
  7 orbs of fire (Zot:5)
  Xtahua (Vaults:3)
  2 Killer Klowns (Zot:5)
  A curse toe (Zot:2)
  3 golden dragons
  Norris (Depths:1)
  2 Brimstone Fiends (D:1)
  2 Tzitzimimeh
  2 electric golems (Zot:5)
  2 hellephants
  10 tentacled monstrosities
  A Hell Sentinel (Depths:3)
  20 Orb Guardians
  A walking frostbound tome (Depths:3)
  A deep elf blademaster (Elf:3)
  7 liches
  3 quicksilver dragons
  3 titans
  4 sphinxes
  12 acid blobs
  9 death cobs
  2 deep elf master archers (Elf:3)
  An Executioner (Abyss:2)
  Gastronok (Lair:1)
  8 storm dragons
  5 tengu reavers
  7 azure jellies
  7 shadow dragons
  2 nagarajas (Snake:4)
  A revenant (Crypt:1)
  5 draconian monks
  Ilsuiw (Shoals:3)
  4 draconian knights (Zot:2)
  A draconian shifter (Zot:2)
  8 fire giants
  8 rockslimes (Slime:5)
  A daeva (Abyss:3)
  A protean progenitor (Zot:2)
  7 frost giants
  2 draconian scorchers
  4 iron dragons
  12 vault wardens
  5 deep elf elementalists
  A ghost moth (Zot:2)
  3 balrugs
  An angel (Abyss:3)
  A reaper (Depths:3)
  6 deep elf sorcerers
  13 very ugly things
  2 ghouls
  3 orc warlords
  5 formless jellyfish
  7 quicksilver oozes
  A cacodemon (Abyss:3)
  8 ironbound preservers
  3 ironbound thunderhulks
  7 draconian annihilators
  12 stone giants
  5 green draconians
  5 deep elf demonologists
  7 deep elf annihilators
  3 deep elf death magi
  4 black draconians
  4 vampire knights
  3 purple draconians
  2 white draconians (Depths:4)
  5 red draconians
  19 dire elephants
  2 yellow draconians
  5 war gargoyles
  2 eidola
  15 spark wasps
  A blizzard demon (Zot:5)
  8 fire dragons
  Josephine (D:15)
  7 ettins
  2 crystal guardians
  4 jiangshi
  3 merfolk javelineers
  3 rakshasas
  11 yaktaur captains
  A deep elf high priest (Elf:3)
  9 merfolk impalers
  9 great orbs of eyes
  Fannar (Lair:2)
  9 vault guards (Vaults:5)
  Harold (Lair:1)
  5 hydras
  A spriggan air mage (Depths:3)
  A salamander tyrant (Snake:4)
  3 ogre magi
  4 merfolk avatars
  A peacekeeper (Vaults:4)
  2 merfolk aquamancers (Shoals:4)
  A death knight (D:12)
  Erica (Lair:2)
  12 ironbound frosthearts
  A satyr (Shoals:4)
  8 ice dragons
  13 anacondas
  11 dancing weapons
  5 tengu warriors
  4 boulder beetles
  5 deep troll shamans
  14 centaur warriors
  8 two-headed ogres
  A bennu skeleton (Crypt:1)
  3 hell hogs
  6 naga warriors
  11 death yaks
  2 spriggan berserkers (Depths:3)
  A vampire mage (Crypt:2)
  8 deep troll earth magi
  4 thrashing horrors
  4 occultists
  8 naga sharpshooters
  10 hell knights
  3 orc high priests
  3 holy swine (Abyss:3)
  Sonja (D:12)
  Nergalle (Lair:1)
  A salamander mystic (Snake:3)
  11 skeletal warriors
  12 deep elf knights
  6 soul eaters
  9 sun demons
  A wretched star (Abyss:1)
  2 flayed ghosts (Depths:3)
  2 sixfirhies
  5 skysharks
  3 iron trolls (Depths:3)
  An orb spider (Zot:2)
  9 sea snakes
  26 deep trolls
  7 arcanists
  16 mana vipers
  12 deep elf archers
  8 naga ritualists
  2 glowing orange brains
  A harpy (Vaults:2)
  13 ironbound convokers
  4 necromancers (Crypt:3)
  16 lindwurms
  15 orc knights
  10 phantasmal warriors
  2 wolf spiders
  2 orc sorcerers
  Maurice (D:12)
  29 deep elf pyromancers
  20 deep elf zephyrmancers
  7 manticores
  6 salamanders
  An alligator skeleton (Crypt:1)
  A salamander (shapeshifter) (Vaults:5)
  2 shining eyes
  9 fauns
  6 cyclopes
  21 ugly things
  2 kobold blastminers
  6 merfolk sirens
  13 moths of wrath
  A meliai (D:15)
  A guardian serpent (shapeshifter) (Vaults:5)
  35 black mambas
  6 guardian serpents
  8 naga magi
  4 smoke demons
  4 water nymphs
  An ice statue (IceCv)
  An apocalypse crab (Abyss:1)
  3 rust devils
  A cane toad (shapeshifter) (D:13)
  An eye of devastation (Slime:5)
  16 vault sentinels
  A toenail golem (Depths:3)
  15 cane toads
  9 elephants
  3 large abominations
  2 orange demons
  2 hellions
  8 torpor snails
  A gargoyle (D:11)
  2 kobold demonologists (D:11)
  23 yaktaurs
  2 unseen horrors
  7 komodo dragons
  4 rime drakes
  A freezing wraith (Crypt:1)
  A tormentor (Depths:2)
  An efreet (D:15)
  4 tengu conjurers
  17 merfolk
  2 ancient zymes (Abyss:1)
  2 spriggan skeletons
  3 hellwings
  3 trolls
  3 wind drakes
  3 tyrant leeches (Lair:5)
  12 hornets
  Prince Ribbit (Lair:3)
  A fire dragon zombie (Crypt:3)
  7 polar bears
  4 dream sheep
  19 blink frogs
  3 glass eyes
  3 raiju (Abyss:1)
  A wind drake (shapeshifter) (Depths:3)
  An ettin zombie (Depths:1)
  5 snapping turtles (Shoals:1)
  54 slime creatures
  A black mamba zombie (Crypt:3)
  A raiju (shapeshifter) (D:13)
  An ettin skeleton (Crypt:3)
  4 air elementals
  2 hogs (D:12)
  47 yaks
  10 water elementals
  15 wyverns
  3 wraiths
  3 fire elementals
  3 shadows
  4 basilisks
  7 starcursed masses (Abyss:1)
  3 redbacks (Lair:5)
  21 vampire mosquitoes
  8 wargs
  Eustachio (D:5)
  3 golden eyes (Zot:3)
  A death yak simulacrum (Lair:3)
  4 acid dragons
  25 nagas
  21 water moccasins
  2 great orb of eyes simulacra (IceCv)
  Duvessa (D:5)
  37 orc warriors
  9 ice beasts
  2 black bears (Lair:2)
  A sky beast (D:4)
  6 boggarts
  15 laughing skulls
  12 ogres
  15 wolves
  14 centaurs
  3 slime creature simulacra (IceCv)
  A weeping skull (Abyss:1)
  A kobold brigand (D:8)
  Blork the orc (D:5)
  10 bullfrogs
  An earth elemental (Elf:2)
  9 scorpions
  2 necrophages
  4 glowing shapeshifter simulacra (IceCv)
  A raiju zombie (Crypt:1)
  12 wights
  Dowan (D:5)
  9 killer bees
  12 electric eels
  8 howler monkeys
  A crimson imp (D:15)
  A human zombie (Crypt:1)
  A jelly (D:5)
  A bombardier beetle (D:7)
  12 orc priests
  4 hounds
  An iron imp (Abyss:1)
  Jessica (D:2)
  2 iguanas
  5 hell rats (Lair:3)
  15 orc wizards
  A polar bear simulacrum (Lair:3)
  3 shapeshifter simulacra (IceCv)
  14 adders
  A shadow imp (D:4)
  A white imp (D:8)
  2 ufetubi (D:7)
  An adder skeleton (Crypt:1)
  2 ribbon worms
  3 dart slugs
  56 orcs
  4 endoplasms
  A giant cockroach (D:1)
  11 goblins
  4 hobgoblins
  4 jackals (D:4)
  13 kobolds
  8 quokkas
  10 ball pythons
  11 bats
  7 frilled lizards
  13 rats
  2 aspiring fleshes (Zot:2)
1807 creatures vanquished.

Vanquished Creatures (collateral kills)
  Mennas (Vaults:5)
  An ancient lich (Zot:5)
  Saint Roka (Orc:2)
  Vashnia (Snake:3)
  A tentacled monstrosity (Vaults:5)
  A lich (Depths:4)
  2 titans (Vaults:5)
  2 Orb Guardians (Zot:5)
  2 acid blobs (Slime:5)
  A deep elf blademaster (Elf:3)
  A walking frostbound tome (Depths:3)
  A quicksilver dragon (Vaults:5)
  2 shadow dragons
  A death cob (Zot:2)
  A storm dragon (Vaults:5)
  Aizul (Snake:3)
  A protean progenitor (Zot:2)
  A draconian monk (Zot:2)
  3 draconian knights
  2 fire giants
  2 daevas
  2 deep elf sorcerers
  2 vault wardens
  2 orc warlords
  An ironbound preserver (Vaults:5)
  A quicksilver ooze (Slime:5)
  A formless jellyfish (Slime:1)
  2 draconian annihilators
  2 very ugly things (Depths:3)
  A deep elf death mage (Elf:3)
  5 stone giants
  2 green draconians (Zot:2)
  Nessos (Orc:2)
  A white draconian (Depths:4)
  A black draconian (Zot:2)
  2 war gargoyles (Vaults:5)
  A purple draconian (Zot:2)
  2 yellow draconians (Zot:2)
  4 red draconians (Zot:2)
  6 ettins
  3 yaktaur captains (Vaults:5)
  16 vault guards (Vaults:5)
  A death knight (D:12)
  5 hydras
  2 ogre magi
  A centaur warrior (Vaults:4)
  5 anacondas
  3 boulder beetles
  7 two-headed ogres
  4 naga warriors
  5 death yaks
  2 orc high priests
  A spriggan berserker (Depths:4)
  3 shock serpents (Snake:3)
  Urug (Orc:2)
  A holy swine (Abyss:3)
  2 hell knights
  A deep elf knight (Elf:3)
  8 naga sharpshooters
  A skyshark (Shoals:3)
  5 deep trolls
  A skeletal warrior (D:13)
  2 salamander mystics (Snake:4)
  2 naga ritualists
  A glowing orange brain (shapeshifter) (Vaults:5)
  An orb spider (Zot:2)
  6 mana vipers
  A glowing orange brain (Depths:3)
  A deep elf zephyrmancer (Elf:1)
  2 necromancers
  13 ugly things
  2 phantasmal warriors (Vaults:5)
  2 deep elf pyromancers
  3 ironbound convokers
  3 orc sorcerers
  9 orc knights
  A shining eye (Slime:3)
  4 manticores
  A frost giant skeleton (Depths:1)
  9 salamanders
  A cyclops (D:13)
  2 meliai (D:15)
  9 vault sentinels
  14 black mambas
  A kobold blastminer (Orc:2)
  4 guardian serpents
  10 naga magi
  A large abomination (Abyss:3)
  A gargoyle (D:13)
  An unseen horror (shapeshifter) (D:13)
  An efreet (D:15)
  A wind drake (Shoals:3)
  2 trolls (Orc:2)
  A snapping turtle (shapeshifter) (Vaults:5)
  2 dream sheep (Shoals:3)
  A slime creature (shapeshifter) (Vaults:5)
  5 slime creatures
  A yak (Lair:5)
  A wyvern (Lair:5)
  6 wraiths
  3 wargs
  A basilisk (shapeshifter) (Vaults:5)
  5 vampire mosquitoes
  18 nagas
  A water moccasin (Lair:5)
  A swamp worm (shapeshifter) (Vaults:5)
  A nameless horror (Snake:3)
  12 orc warriors
  5 ogres
  A laughing skull (D:13)
  A boggart (Vaults:2)
  A centaur (D:13)
  3 orc priests
  3 orc wizards
  12 orcs
  An aspiring flesh (Zot:2)
  2 foxfires
345 creatures vanquished.

Vanquished Creatures (others)
  A walking divine tome (Depths:3)
  An angel (Abyss:3)
  A rakshasa (Depths:3)
  A deep elf knight (Elf:1)
  A manticore (Shoals:3)
  2 apocalypse crabs (Abyss:3)
  A large abomination (Abyss:3)
  A dream sheep (Shoals:3)
  81 fire vortices
  238 foxfires
328 creatures vanquished.

Grand Total: 2480 creatures vanquished

Notes
Turn   | Place    | Note
-------+----------+-------------------------------------------
     0 | D:1      | freelancePsychic the Djinni Fire Elementalist began the
                  | quest for the Orb.
     0 | D:1      | freelancePsychic set off with the following spells
                  | memorised: Foxfire, Scorch, Volatile Blastmotes, Inner
                  | Flame, Flame Wave.
     0 | D:1      | Reached XP level 1. HP: 15/15 MP: 0/0
   123 | D:1      | Reached XP level 2. HP: 22/22 MP: 0/0
   191 | D:1      | Reached skill level 1 in Fighting
   376 | D:1      | Reached XP level 3. HP: 24/27 MP: 0/0
   376 | D:1      | Learned a level 1 spell: Sting
   641 | D:1      | Found a faded altar of an unknown god.
   683 | D:1      | Prayed at the altar of an unknown god.
   683 | D:1      | Became a worshipper of Ashenzari the Shackled
  1071 | D:2      | Noticed Jessica
  1186 | D:2      | Killed Jessica
  1187 | D:2      | Reached XP level 4. HP: 23/33 MP: 0/0
  1245 | D:2      | Reached skill level 1 in Evocations
  1418 | D:2      | Reached skill level 4 in Ice Magic
  1419 | D:2      | Reached * piety under Ashenzari
  1672 | D:2      | Reached XP level 5. HP: 34/38 MP: 0/0
  1672 | D:2      | Learned a level 2 spell: Lesser Beckoning
  1789 | D:2      | Found a runed translucent door.
  1793 | D:2      | Noticed Crazy Yiuf
  2198 | D:3      | Identified a scroll of acquirement
  2778 | D:4      | Reached XP level 6. HP: 24/45 MP: 0/0
  2958 | D:4      | Found Huineir's Armour Emporium.
  2964 | D:4      | Found a staircase to the Ecumenical Temple.
  2983 | D:4      | Noticed an ogre
  2989 | D:4      | Killed an ogre
  2990 | D:4      | Reached skill level 5 in Spellcasting
  2990 | D:4      | Reached skill level 5 in Conjurations
  2990 | D:4      | Reached skill level 5 in Hexes
  2990 | D:4      | Reached skill level 5 in Summonings
  2990 | D:4      | Reached skill level 5 in Necromancy
  2990 | D:4      | Reached skill level 5 in Translocations
  2990 | D:4      | Reached skill level 5 in Fire Magic
  2990 | D:4      | Reached skill level 5 in Ice Magic
  2990 | D:4      | Reached skill level 5 in Air Magic
  2990 | D:4      | Reached skill level 5 in Earth Magic
  2990 | D:4      | Reached skill level 5 in Alchemy
  2990 | D:4      | Reached XP level 7. HP: 40/50 MP: 0/0
  2990 | D:4      | Learned a level 3 spell: Confusing Touch
  3157 | D:4      | Identified the +1 chain mail "Haixuw" {rN+ Int+3 Dex+2}
  3263 | D:5      | Entered Level 5 of the Dungeon
  3272 | D:5      | Noticed Blork the orc
  3278 | D:5      | Killed Blork the orc
  3438 | D:5      | Noticed a water moccasin
  3703 | D:4      | Reached ** piety under Ashenzari
  4053 | D:4      | Reached skill level 6 in Ice Magic
  4053 | D:4      | Reached XP level 8. HP: 48/58 MP: 0/0
  4617 | D:4      | Reached skill level 5 in Fighting
  4754 | D:5      | Noticed Eustachio
  4907 | D:4      | Reached skill level 7 in Ice Magic
  4934 | D:5      | Killed Eustachio
  4935 | D:5      | Reached XP level 9. HP: 36/65 MP: 0/0
  4935 | D:5      | Learned a level 3 spell: Teleport Other
  5197 | D:5      | Noticed Duvessa
  5217 | D:5      | Noticed Dowan
  5219 | D:5      | Killed Duvessa
  5225 | D:5      | Killed Dowan
  5226 | D:5      | Reached skill level 8 in Ice Magic
  5441 | D:5      | Reached *** piety under Ashenzari
  5692 | D:6      | Found an opulent altar of Gozag.
  5900 | D:6      | Found a sacrificial altar of Ru.
  6227 | D:6      | Reached skill level 1 in Shields
  6921 | D:7      | Reached XP level 10. HP: 66/77 MP: 0/0
  7043 | D:7      | Reached skill level 9 in Ice Magic
  7185 | D:7      | Found a sparkling altar of Nemelex Xobeh.
  7186 | D:7      | Found a snail-covered altar of Cheibriados.
  7950 | D:8      | Noticed a rime drake
  8282 | D:8      | Killed a rime drake
  8301 | D:8      | Reached skill level 10 in Spellcasting
  8301 | D:8      | Reached skill level 10 in Conjurations
  8301 | D:8      | Reached skill level 10 in Hexes
  8301 | D:8      | Reached skill level 10 in Summonings
  8301 | D:8      | Reached skill level 10 in Necromancy
  8301 | D:8      | Reached skill level 10 in Translocations
  8301 | D:8      | Reached skill level 10 in Fire Magic
  8301 | D:8      | Reached skill level 10 in Ice Magic
  8301 | D:8      | Reached skill level 10 in Air Magic
  8301 | D:8      | Reached skill level 10 in Earth Magic
  8301 | D:8      | Reached skill level 10 in Alchemy
  8304 | D:8      | Reached XP level 11. HP: 35/85 MP: 0/0
  8304 | D:8      | Learned a level 5 spell: Curse of Agony
  8330 | D:8      | Reached skill level 5 in Shields
  8693 | D:8      | Found Gemaa's Jewellery Boutique.
  8825 | D:8      | Found a staircase to the Lair.
  9120 | D:9      | Noticed an obsidian statue
  9121 | D:9      | Noticed a sun demon
  9685 | D:9      | Found a staircase to the Orcish Mines.
  9686 | D:9      | Reached **** piety under Ashenzari
 10144 | D:10     | Entered Level 10 of the Dungeon
 10173 | D:8      | Bought an amulet of regeneration for 420 gold pieces
 10341 | D:10     | Reached ***** piety under Ashenzari
 10748 | D:11     | Noticed a cyclops
 10781 | D:11     | Killed a cyclops
 10782 | D:11     | Reached skill level 5 in Dodging
 10990 | D:11     | Noticed a two-headed ogre
 10995 | D:11     | Killed a two-headed ogre
 10996 | D:11     | Reached XP level 12. HP: 99/99 MP: 0/0
 11255 | D:11     | Reached skill level 11 in Ice Magic
 11403 | D:11     | Reached skill level 10 in Fighting
 11468 | D:12     | Noticed Maurice
 11475 | D:12     | Noticed Sonja
 11476 | D:12     | Killed Maurice
 11490 | D:12     | Killed Sonja
 11554 | D:12     | Identified the +2 plate armour of Lomuigg {rPois Dex+2}
 11554 | D:12     | Noticed a death knight
 11646 | Lair:1   | Entered Level 1 of the Lair of Beasts
 11783 | Lair:1   | Noticed an eight-headed hydra
 11790 | Lair:1   | Killed an eight-headed hydra
 11802 | Lair:1   | Noticed Gastronok
 11937 | Lair:1   | Noticed a minotaur
 11942 | Lair:1   | Noticed Linnx's ghost (journeyman FoHu)
 11969 | Lair:1   | Noticed Harold
 11977 | Lair:1   | Killed Harold
 11999 | Lair:1   | Noticed Nergalle
 12010 | Lair:1   | Killed Nergalle
 12055 | Lair:1   | Found a runed translucent gate.
 12055 | Lair:1   | Found a runed translucent gate.
 12055 | Lair:1   | Found a runed translucent gate.
 12133 | Lair:2   | Reached XP level 13. HP: 94/109 MP: 0/0
 12133 | Lair:2   | Learned a level 5 spell: Borgnjor's Vile Clutch
 12139 | Lair:2   | Reached skill level 10 in Dodging
 12227 | Lair:2   | Noticed Erica
 12233 | Lair:2   | Killed Erica
 12270 | Lair:2   | Found a staircase to the Shoals.
 12351 | Lair:2   | Found a staircase to the Snake Pit.
 12367 | Lair:2   | Noticed Fannar
 12372 | Lair:2   | Killed Fannar
 12799 | Lair:2   | Reached skill level 12 in Ice Magic
 13145 | Lair:3   | Found a frozen archway.
 13157 | IceCv    | Entered an ice cave
 13171 | IceCv    | Noticed a quicksilver ooze
 13178 | IceCv    | Killed a quicksilver ooze
 13179 | IceCv    | Reached XP level 14. HP: 68/119 MP: 0/0
 13426 | IceCv    | Noticed a quicksilver ooze
 13435 | IceCv    | Killed a quicksilver ooze
 13518 | IceCv    | Noticed an azure jelly
 13524 | IceCv    | Noticed a quicksilver ooze
 13528 | IceCv    | Killed a quicksilver ooze
 13532 | IceCv    | Killed an azure jelly
 13579 | IceCv    | Found a viscous altar of Jiyva.
 13582 | IceCv    | Noticed an azure jelly
 13591 | IceCv    | Killed an azure jelly
 13645 | IceCv    | Identified the +1 whip of the Big Fish {freeze, rElec Str-2
                  | Dex+4}
 13809 | Lair:3   | Noticed Prince Ribbit
 13815 | Lair:3   | Killed Prince Ribbit
 14732 | Lair:4   | Reached skill level 5 in Evocations
 15135 | Lair:4   | Found a viscous altar of Jiyva.
 15135 | Lair:4   | Found a staircase to the Slime Pits.
 15326 | Lair:5   | Entered Level 5 of the Lair of Beasts
 15425 | Lair:5   | Reached XP level 15. HP: 124/126 MP: 0/0
 15425 | Lair:5   | Learned a level 6 spell: Summon Cactus Giant
 15634 | Lair:5   | Reached skill level 13 in Ice Magic
 15674 | Lair:5   | Reached skill level 15 in Dodging
 17831 | Lair:1   | Killed Gastronok
 17848 | Lair:1   | Reached ****** piety under Ashenzari
 18129 | Orc:1    | Entered Level 1 of the Orcish Mines
 18132 | Orc:1    | Noticed an orc warlord
 18136 | Orc:1    | Reached XP level 16. HP: 102/137 MP: 0/0
 18463 | D:12     | Found Xaogovox's Antique Armour Shoppe.
 18470 | D:12     | Bought a shiny helmet for 247 gold pieces
 18540 | D:12     | Found a transporter.
 18540 | D:12     | Found Sozuca's Antique Armour Emporium.
 18669 | D:12     | Found a transporter.
 18744 | D:12     | Bought a pair of runed gloves for 255 gold pieces
 18786 | D:12     | Identified Sif Muna's Vademecum on Ensnaring Terra Firma
 18811 | D:12     | Reached skill level 1 in Armour
 19000 | D:12     | Found Jyegafo's Distillery.
 19013 | D:12     | Bought a potion of haste for 130 gold pieces
 19013 | D:12     | Bought a potion of invisibility for 104 gold pieces
 19013 | D:12     | Bought a potion of heal wounds for 65 gold pieces
 19816 | D:13     | Found a gate to the Vaults.
 21022 | D:14     | Reached skill level 14 in Ice Magic
 21237 | D:14     | Found a runed translucent gate.
 21237 | D:14     | Found a runed translucent gate.
 21238 | D:14     | Found a runed translucent gate.
 21389 | D:14     | Noticed middlethird's ghost (journeyman VSFE)
 21509 | D:15     | Entered Level 15 of the Dungeon
 21780 | D:15     | Reached skill level 5 in Armour
 21783 | D:15     | Reached skill level 15 in Fighting
 22115 | D:15     | Found a staircase to the Depths.
 22226 | D:15     | Noticed Josephine
 22232 | D:15     | Killed Josephine
 22233 | D:15     | Reached XP level 17. HP: 127/142 MP: 0/0
 22233 | D:15     | Learned a level 7 spell: Haunt
 22251 | D:15     | Reached skill level 10 in Evocations
 23206 | Orc:1    | Found a runed translucent door.
 23207 | Orc:1    | Found a shimmering altar of Xom.
 23207 | Orc:1    | Noticed bpung's ghost (journeyman MfSh)
 23271 | Orc:2    | Entered Level 2 of the Orcish Mines
 23271 | Orc:2    | Noticed Nessos
 23278 | Orc:2    | Killed Nessos
 23420 | Orc:2    | Found Maankugu's Antique Armour Emporium.
 23467 | Orc:2    | Found Asesif's Book Shop.
 23519 | Orc:2    | Noticed Urug
 23525 | Orc:2    | Killed Urug
 23586 | Orc:2    | Found Macruz's General Store.
 23596 | Orc:2    | Bought a scroll of blinking for 97 gold pieces
 23596 | Orc:2    | Found a staircase to the Elven Halls.
 23776 | Orc:2    | Found Huig's Antique Weapon Shop.
 23859 | Orc:2    | Noticed Saint Roka
 23867 | Orc:2    | Killed Saint Roka
 24570 | Snake:1  | Entered Level 1 of the Snake Pit
 24673 | Snake:1  | Found a runed translucent gate.
 24673 | Snake:1  | Found a runed translucent gate.
 24675 | Snake:1  | Found a runed translucent gate.
 24677 | Snake:1  | Noticed BigPumpCobain's ghost (journeyman DrSh)
 24750 | Snake:1  | Reached skill level 15 in Ice Magic
 25101 | Snake:1  | Reached XP level 18. HP: 148/154 MP: 0/0
 25451 | Snake:2  | Found Anapynak's Antique Weapon Shoppe.
 26189 | Snake:3  | Identified the serpent talisman of Dim Light {Str+3}
 26189 | Snake:3  | Noticed Aizul
 26199 | Snake:3  | Killed Aizul
 26558 | Snake:3  | Noticed Vashnia
 26728 | Snake:3  | Reached skill level 10 in Armour
 26788 | Snake:3  | Reached skill level 16 in Ice Magic
 26796 | Snake:3  | Found Luatzous's Round Resellers.
 26988 | Snake:3  | Found Ofubecko's Assorted Antiques.
 26996 | Snake:3  | Killed Vashnia
 27200 | Snake:4  | Entered Level 4 of the Snake Pit
 27306 | Snake:4  | Reached XP level 19. HP: 125/160 MP: 0/0
 27306 | Snake:4  | Learned a level 6 spell: Bombard
 27495 | Snake:4  | Identified the +5 dagger of Ohyashry {venom, rC- rN+
                  | Stlth+}
 28402 | Snake:4  | Reached skill level 10 in Shields
 28420 | Snake:4  | Reached skill level 17 in Ice Magic
 28438 | Snake:4  | Got a serpentine rune of Zot
 28439 | Snake:4  | Acquired 778 gold pieces
 28441 | Snake:4  | Acquired 588 gold pieces
 28443 | Snake:4  | Acquired 810 gold pieces
 28874 | Elf:1    | Entered Level 1 of the Elven Halls
 29259 | Elf:1    | Reached skill level 15 in Spellcasting
 29259 | Elf:1    | Reached skill level 15 in Conjurations
 29259 | Elf:1    | Reached skill level 15 in Hexes
 29259 | Elf:1    | Reached skill level 15 in Summonings
 29259 | Elf:1    | Reached skill level 15 in Necromancy
 29259 | Elf:1    | Reached skill level 15 in Translocations
 29259 | Elf:1    | Reached skill level 15 in Fire Magic
 29259 | Elf:1    | Reached skill level 15 in Air Magic
 29259 | Elf:1    | Reached skill level 15 in Earth Magic
 29259 | Elf:1    | Reached skill level 15 in Alchemy
 29653 | Elf:1    | Reached XP level 20. HP: 103/164 MP: 0/0
 30052 | Elf:2    | Paralysed by an air elemental for 1 turns
 30189 | Elf:2    | Found Viblia's General Store.
 30217 | Elf:2    | Bought a potion of curing for 51 gold pieces
 30287 | Elf:2    | Identified the +1 scale mail "Taerint" {Rampage rPois
                  | Regen+ Str-5}
 30594 | Elf:2    | Found a runed translucent gate.
 30595 | Elf:2    | Found a runed translucent gate.
 30595 | Elf:2    | Found a runed translucent gate.
 30627 | Elf:3    | Entered Level 3 of the Elven Halls
 30876 | Elf:3    | Reached skill level 18 in Ice Magic
 31053 | Elf:3    | Identified the +1 eveningstar "Feeme" {heavy, SInv}
 31053 | Elf:3    | Identified the ring "Duxtef" {rF+ Will+ Str+2}
 31113 | Elf:3    | Identified the beast talisman of the Leaf {Dex+5}
 31202 | Elf:3    | Identified the +2 buckler "Cotith" {Harm Int+5}
 31365 | Elf:3    | Paralysed by an air elemental for 1 turns
 31588 | Elf:3    | Identified the staff of Foiprec {rPois rN+ Dex+3 SInv Conj
                  | Necro}
 31865 | Vaults:1 | Entered Level 1 of the Vaults
 31891 | Vaults:1 | Found the macabre finger necklace {Finger+ rN+}
 32397 | Vaults:1 | Reached XP level 21. HP: 135/171 MP: 0/0
 32397 | Vaults:1 | Learned a level 7 spell: Summon Hydra
 32779 | Shoals:1 | Entered Level 1 of the Shoals
 33094 | Shoals:1 | Identified the +1 ring mail of Kuitwats {rPois rF+ Str-5
                  | Dex+8}
 33267 | Shoals:2 | Reached skill level 19 in Ice Magic
 33318 | Shoals:2 | Found Neot's Jewellery Emporium.
 33415 | Shoals:3 | Noticed Ilsuiw
 33509 | Shoals:3 | Killed Ilsuiw
 33829 | Shoals:3 | Acquired 799 gold pieces
 34118 | Shoals:4 | Entered Level 4 of the Shoals
 34143 | Shoals:4 | Reached skill level 15 in Armour
 34147 | Shoals:4 | Got an azure gem with 456 turns to spare
 34156 | Shoals:4 | Got a barnacled rune of Zot
 35104 | Vaults:1 | Found the +8 Wrath of Trog {antimagic, *Rage Rampage}
 35511 | Vaults:2 | Reached XP level 22. HP: 132/176 MP: 0/0
 35781 | Vaults:2 | Reached skill level 20 in Ice Magic
 36122 | Vaults:2 | Reached skill level 5 in Stealth
 36537 | Vaults:3 | Found a flickering gateway to a bazaar.
 36552 | Bazaar   | Entered a bazaar
 36552 | Bazaar   | Found Duvved Ivown's Magic Scroll Emporium.
 36552 | Bazaar   | Found Wathruimm's Magic Scroll Shoppe.
 36552 | Bazaar   | Found Bauh's Assorted Antiques.
 36552 | Bazaar   | Found Tyirabbu's Antique Armour Shoppe.
 36561 | Bazaar   | Bought a scroll of teleportation for 21 gold pieces
 36561 | Bazaar   | Bought a scroll of blinking for 52 gold pieces
 36561 | Bazaar   | Bought a scroll of fog for 28 gold pieces
 36567 | Bazaar   | Bought a scroll of fog for 80 gold pieces
 36567 | Bazaar   | Bought a scroll of poison for 80 gold pieces
 36567 | Bazaar   | Bought a potion of ambrosia for 160 gold pieces
 36611 | Vaults:3 | Found a staircase to the Crypt.
 36611 | Vaults:3 | Found a basalt altar of Yredelemnul.
 36620 | Vaults:3 | Reached skill level 15 in Shields
 37365 | Vaults:4 | Identified the +10 mace "Orb Guardian's Foe" {flame, rCorr}
 37856 | Vaults:4 | Reached skill level 21 in Ice Magic
 38888 | Vaults:3 | Reached XP level 23. HP: 178/186 MP: 0/0
 38888 | Vaults:3 | Learned a level 8 spell: Infestation
 39295 | Vaults:3 | Noticed Xtahua
 39300 | Vaults:3 | Killed Xtahua
 39662 | Vaults:2 | Found a runed translucent gate.
 39662 | Vaults:2 | Found a runed translucent gate.
 39663 | Vaults:2 | Found a runed translucent gate.
 39665 | Vaults:2 | Noticed theMacoje's ghost (adept OnHs)
 39666 | Vaults:2 | Identified the +1 pair of boots "Varesh" {rElec rCorr
                  | Str-3}
 39855 | Depths:1 | Entered Level 1 of the Depths
 39855 | Depths:1 | Noticed Norris
 39860 | Depths:1 | Killed Norris
 39890 | Depths:1 | Reached skill level 22 in Ice Magic
 39979 | Depths:1 | Found a gateway to Hell.
 40163 | Depths:1 | Reached skill level 10 in Stealth
 40271 | Depths:1 | Reached skill level 1 in Staves
 40777 | Depths:1 | Found a one-way gate to the infinite horrors of the Abyss.
 40783 | Depths:1 | Voluntarily entered the Abyss.
 41071 | Depths:1 | Escaped the Abyss
 41085 | Depths:1 | Voluntarily entered the Abyss.
 41086 | Abyss:1  | Found a corrupted altar of Lugonu.
 41117 | Abyss:2  | Found a corrupted altar of Lugonu.
 41233 | Abyss:3  | Paralysed by an apocalypse crab for 1 turns
 41255 | Abyss:3  | Found a shimmering altar of Xom.
 41264 | Abyss:3  | Got an abyssal rune of Zot
 41287 | Abyss:3  | Noticed a dread lich
 41330 | Abyss:3  | Reached skill level 5 in Staves
 41332 | Depths:1 | Escaped the Abyss
 41406 | Depths:2 | Found Epsebeq's Distillery.
 41411 | Depths:2 | Found Deagraemp's Jewellery Emporium.
 41418 | Depths:2 | Bought the ring of Viostren {rC+ Str+6 Int+4 Dex-3} for 989
                  | gold pieces
 41485 | Depths:2 | Reached XP level 24. HP: 180/188 MP: 0/0
 41511 | Depths:3 | Found a hazy altar of Hepliaklqana.
 41819 | Depths:3 | Identified the Incunabulum of Conduction
 41921 | Depths:3 | Found a stormy altar of Qazlal.
 41984 | Depths:4 | Entered Level 4 of the Depths
 41991 | Depths:4 | Found Hides's Armour Boutique.
 42032 | Depths:4 | Identified the +2 plate armour "Dores" {rC+++}
 42237 | Depths:4 | Found a gate to the Realm of Zot.
 42245 | Depths:4 | Got a midnight gem with 1148 turns to spare
 42689 | Depths:4 | Found a portal to a secret trove of treasure.
 42996 | Depths:3 | Found a one-way gateway to a ziggurat.
 42996 | Depths:3 | Identified the +0 tower shield of Optimism {Regen+ Str+3
                  | Dex+2}
 43578 | Depths:3 | Noticed a golden dragon
 43588 | Depths:3 | Killed a golden dragon
 44159 | Depths:3 | Reached XP level 25. HP: 170/196 MP: 0/0
 44159 | Depths:3 | Learned a level 8 spell: Lehudib's Crystal Spear
 44642 | Depths:3 | Identified Unwipe's Volume of the Whammy and the Fault
 45320 | Crypt:1  | Entered Level 1 of the Crypt
 45471 | Crypt:3  | Entered Level 3 of the Crypt
 45767 | Crypt:3  | Noticed an ancient lich
 45775 | Crypt:3  | Killed an ancient lich
 45811 | Crypt:3  | Got an ivory gem with 1342 turns to spare
 45831 | Crypt:3  | Identified the staff "Atru" {rCorr Dex+2 Necro Air Earth}
 45831 | Crypt:3  | Identified the death talisman "Rodiog" {+Blink rF+ rC-
                  | Str+2}
 45994 | Crypt:2  | Identified the +5 trident of Cotaifeh {venom, *Corrode
                  | ^Fragile rC+++ rN++}
 46154 | Vaults:5 | Entered Level 5 of the Vaults
 46216 | Vaults:5 | Identified the +3 war axe "Coucrai" {drain, *Corrode Fly
                  | Int+6}
 46235 | Vaults:5 | Got a silver rune of Zot
 46238 | Vaults:5 | Identified the +1 great mace "Yhischops" {drain, rN++}
 46400 | Vaults:5 | Noticed a dread lich
 46400 | Vaults:5 | Identified the +0 ring mail of Shielding {Rampage Int+8
                  | SInv Stlth-}
 46400 | Vaults:5 | Found the +2 hat of the Bear Spirit {Spirit, Bear, *Rage
                  | Will++}
 46400 | Vaults:5 | Identified the +9 plate armour of Zab Buza {Dex+3}
 46400 | Vaults:5 | Identified the amulet "Tucsil" {RegenMP +Inv rElec Int-4
                  | Slay+3}
 46401 | Vaults:5 | Identified the +1 robe of Abstinence {Str+7}
 46407 | Vaults:5 | Killed a dread lich
 46408 | Vaults:5 | Reached XP level 26. HP: 178/201 MP: 0/0
 46759 | Vaults:5 | Found Miunk's Distillery.
 46764 | Vaults:5 | Noticed Mennas
 47020 | Vaults:5 | Killed Mennas
 47058 | Vaults:5 | Bought a potion of heal wounds for 95 gold pieces
 47058 | Vaults:5 | Bought a potion of haste for 190 gold pieces
 47478 | Slime:1  | Entered Level 1 of the Pits of Slime
 47596 | Slime:2  | Gained mutation: You occasionally shout uncontrollably at
                  | your foes. [a shining eye]
 47682 | Slime:5  | Entered Level 5 of the Pits of Slime
 47740 | Slime:5  | Noticed the Royal Jelly
 47784 | Slime:5  | Killed the Royal Jelly
 47894 | Slime:5  | Identified the +12 glaive of Earthquakes {freeze, rPois}
 47903 | Slime:5  | Got a starry gem with 256 turns to spare
 47910 | Slime:5  | Got a slimy rune of Zot
 47939 | Slime:5  | Identified the ring "Ukufetar" {rN+ Will+ rCorr Str+3 Dex-5
                  | Slay+3}
 47939 | Slime:5  | Identified the amulet "Bevohima" {Acrobat Int+4}
 47940 | Slime:5  | Identified the +3 scale mail of the World {*Slow rC+ SInv}
 47940 | Slime:5  | Identified the staff of Poesuh {rN+ Int+7 Necro}
 47997 | Slime:5  | Identified the +7 spear "Sejoson" {elec, ^Drain rElec rC+}
 47997 | Slime:5  | Identified the staff "Ceddad" {rPois Stlth+ Conj Air}
 48632 | Zot:1    | Entered Level 1 of the Realm of Zot
 48894 | Zot:2    | Reached XP level 27. HP: 129/209 MP: 0/0
 48894 | Zot:2    | Learned a level 9 spell: Fire Storm
 49063 | Zot:2    | Reached skill level 23 in Ice Magic
 49137 | Zot:2    | Noticed a dread lich
 49142 | Zot:2    | Killed a dread lich
 49146 | Zot:2    | Noticed a dread lich
 49149 | Zot:2    | Killed a dread lich
 49264 | Zot:2    | Identified the +1 dire flail "Laef" {freeze, rElec rPois
                  | Will- Dex+3}
 49269 | Zot:2    | Found a faded altar of an unknown god.
 49358 | Zot:2    | Found a runed translucent door.
 49450 | Zot:4    | Identified the -1 helmet of Macaroni {rElec}
 49524 | Zot:5    | Entered Level 5 of the Realm of Zot
 49782 | Zot:5    | Noticed an ancient lich
 49784 | Zot:5    | Killed an ancient lich
 49787 | Zot:5    | Noticed a Killer Klown
 49789 | Zot:5    | Killed a Killer Klown
 49789 | Zot:5    | Killed a Killer Klown
 49791 | Zot:5    | Noticed an orb of fire
 49796 | Zot:5    | Killed an orb of fire
 49812 | Zot:5    | Reached skill level 24 in Ice Magic
 49827 | Zot:5    | Noticed an orb of fire
 49832 | Zot:5    | Killed an orb of fire
 49832 | Zot:5    | Noticed an orb of fire
 49834 | Zot:5    | Noticed an orb of fire
 49835 | Zot:5    | Killed an orb of fire
 49838 | Zot:5    | Killed an orb of fire
 49838 | Zot:5    | Noticed an orb of fire
 49842 | Zot:5    | Killed an orb of fire
 49852 | Zot:5    | Noticed an orb of fire
 49854 | Zot:5    | Noticed an orb of fire
 49856 | Zot:5    | Gained mutation: Your spells are a little easier to cast,
                  | but a little less powerful. [an orb of fire]
 49859 | Zot:5    | Killed an orb of fire
 49864 | Zot:5    | Killed an orb of fire
 49895 | Zot:5    | Got the Orb of Zot
 50761 | D:1      | Reached skill level 25 in Ice Magic
 50788 | D:$      | Escaped with the Orb!

Illustrated notes

Levels and vault maps discovered:
D:1:      psy_arrival_statuary, layout_basic,
          hellmonk_ecumenical_altar_heavens_door
D:2:      kennysheep_big_flooded_room, layout_basic, uniq_jessica,
          uniq_crazy_yiuf_cottage
D:3:      layout_loops_ring, nicolae_half_adder
D:4:      old_forge, layout_basic, temple_doors_e, serial_shops,
          nicolae_shop_tiny_waterfront
D:5:      layout_cave_pools, uniq_duvessa, uniq_eustachio, uniq_blork_the_orc
D:6:      layout_layer_cave, mainiacjoe_overflow_catch_the_wave,
          grunt_ministairs_1, chequers_serial_rivers_small_3
D:7:      layout_loops_ring, nicolae_overflow_squiral, roderic_serpentine_path
D:8:      layout_basic, hellmonk_lair_entry_icy, serial_shops,
          nicolae_shop_gaudy_bauble, nicolae_the_louvre
D:9:      layout_cave_pools, orc_0_dummy, minivault_16
D:10:     layout_cave_pools, serial_column_ruins, column_ruins_open_tiny,
          column_ruins_columns_straight, column_ruins_corridor_straight,
          column_ruins_corridor_corner, column_ruins_grid_3,
          kennysheep_generic_room_14
D:11:     layout_big_octagon
D:12:     cheibrodos_tormentor_scu, layout_irregular_city, serial_shops,
          nicolae_shop_drivethru, shop, kennysheep_little_box, uniq_kirke,
          uniq_sonja, uniq_maurice
D:13:     kennysheep_blocky_room, layout_basic, skrybe_vaults_entry_preservation
D:14:     layout_roguey, minivault_24, gammafunk_ghost_necromancy
D:15:     hangedman_depths_entry_try_elsewhere_first, layout_stronghold,
          minivault_23, lightli_wizard_tower, uniq_josephine
Lair:1:   layout_loops_ring, maelrawn_ghost_gauntlet_escape,
          nicolae_quartered_pool_medium, uniq_nergalle, uniq_harold,
          uniq_gastronok
Lair:2:   layout_regular_city, nicolae_shoals_entry_flooding,
          minmay_snake_entry_six_corridors, infiniplex_staircase_pool_2,
          uniq_erica, uniq_fannar
Lair:3:   layout_regular_city, portal_ice_cave_entry_ice_simulacra,
          wad_woods_river_01, uniq_prince_ribbit2
Lair:4:   layout_layer_cave, dpeg_slime_entry_enclosed, lemuel_fruit_fields,
          serial_bayou_shore_a
Lair:5:   wormcave, layout_gridlike, hangedman_lair_tendril_chambers,
          grunt_forest_small_clearings, lemuel_fruit_tree
Shoals:1: layout_shoals, nicolae_shoals_stone_sculpture_thing
Shoals:2: layout_shoals, nicolae_shoals_former_cling_ruins,
          nicolae_shoals_c_island, uniq_polyphemus
Shoals:3: layout_shoals, uniq_ilsuiw
Shoals:4: shoals_end_simple, layout_shoals, serial_shops, shop, uniq_bai_suzhen
Snake:1:  layout_rooms, ebering_ghost_rock_garden, serial_bayou_lagoon_b
Snake:2:  layout_onion, serial_shops, shop
Snake:3:  layout_grid_shapes, serial_shops, shop, tekkud_shop_of_orbs,
          grunt_megastairs_5, uniq_aizul, uniq_vashnia
Snake:4:  snake_pit_salamanders_mu, layout_cave_town
Slime:1:  nicolae_slime_pool, layout_caves
Slime:2:  layout_caves
Slime:3:  layout_caves
Slime:4:  layout_caves, cheibrodos_slime_lost_civilization_5
Slime:5:  slime_pit_nicolae_block_by_block
Orc:1:    layout_caves, ebering_ghost_xom
Orc:2:    grunt_orc_gardens, layout_caves, grunt_orc_garden, grunt_orc_garden,
          grunt_orc_garden, grunt_orc_garden, uniq_nessos, uniq_saint_roka,
          uniq_urug
Elf:1:    nicolae_elf_arrival_fired_up, layout_rooms,
          nicolae_elf_blasts_and_bolts
Elf:2:    nicolae_elf_blades_crystal_corner, layout_onion_city, serial_shops,
          shop
Elf:3:    grunt_elf_hall_diamonds, layout_geoelf_grid
Vaults:1: ontoclasm_vaults_shout, nicolae_vaults_tetromino_T_1,
          ontoclasm_vaults_decontamination, nicolae_vaults_network_square,
          grunt_vaults_diagonal, nicolae_vaults_layer_cake_slice,
          nicolae_vaults_six-pack, nicolae_vaults_apartment_2,
          layout_vaults_quadrants
Vaults:2: gammafunk_ghost_tricky_traps, v_misc_13,
          nicolae_vaults_shipping_containers_6, v_pattern_1,
          hangedman_vaults_capsules, v_misc_26, hangedman_vaults_slither,
          nicolae_vaults_offset_grid_hallway_3, nicolae_vaults_asterisk,
          nicolae_vaults_yaktaur_gun_rack, vaults_mumra_hex, v_misc_13,
          nicolae_vaults_little_squares_1, vaults_dpeg_diagonal,
          layout_vaults_maze_bifur
Vaults:3: minmay_crypt_entry_necro_gods, grunt_vaults_twisty,
          nicolae_vaults_little_squares_1, vaults_dpeg_spiral, v_misc_11,
          nicolae_vaults_six-pack, nicolae_vaults_sightless_eye,
          nicolae_vaults_trapezoid_1, nicolae_vaults_big_angled_halls,
          special_room_vaults [special_room_orc], layout_vaults_omnicross,
          serial_shops, bzr_entry_water, uniq_xtahua
Vaults:4: st_spiral_rooms, vaults_room_semicircle, v_misc_19,
          ontoclasm_vaults_ring_square, vaults_dpeg_hooks,
          nicolae_vaults_little_squares_4, nicolae_vaults_more_shelving_1,
          ontoclasm_vaults_ligature, layout_vaults_chaotic_city
Vaults:5: uniq_mennas
Crypt:1:  layout_rooms, lemuel_nasty_fountain, grunt_megastairs_2
Crypt:2:  cheibrodos_crypt_3hun_7po, layout_regular_city, minmay_misc_feat_cross
Crypt:3:  cryptofortress_bobbens, uniq_vv
Depths:1: layout_basic, hellmouth_3, chequers_decorated_corner,
          nicolae_abyss_entry_one_way_or_another, minmay_librarian, uniq_norris
Depths:2: minmay_the_grid_octo_triangle [minmay_the_grid_octo_shrine,
          minmay_the_grid_octo_prize_ultimate_mussel_roller,
          minmay_the_grid_octo_fat_diamond], layout_gridville,
          rand_demon_pan_entry_1, basic_altar, pf_hell_entry_tar_spiral,
          infiniplex_staircase_pillars_1, minmay_shop_star, firewood_loft,
          serial_bayou_shore_b
Depths:3: nzn_winding_woodlands_huge [nzn_winding_woodlands_5x15_crooked,
          nzn_winding_woodlands_5x15_eye,
          nzn_winding_woodlands_5x15_pathside_ponds,
          nzn_winding_woodlands_5x15_river_crossing,
          nzn_winding_woodlands_5x15_lazy_stream,
          nzn_winding_woodlands_5x15_jagged, nzn_winding_woodlands_5x15_pool,
          nzn_winding_woodlands_5x15_parted, nzn_winding_woodlands_5x15_garden,
          nzn_winding_woodlands_5x15_pockets,
          nzn_winding_woodlands_center_garden,
          nzn_winding_woodlands_center_pierced_h,
          nzn_winding_woodlands_15x15_five_gardens], layout_gridlike,
          enter_ziggurat_d, pf_vacation_house_of_asmodeus,
          abyss_entry_small_statue_room, nicolae_hepliaklqana_hazy_memory,
          serial_sigils_hangedman_snap, nicolae_qazlal_scattered_showers
Depths:4: grunt_zot_entry_hairpin, layout_gridlike, hell_entry, serial_shops,
          shop, abyss_entry, dk_noncrumbling_3, enter_trove_2,
          infiniplex_staircase_pool_lava
Zot:1:    layout_cathedral_of_symmetry
Zot:2:    regret_index_infernal_bastille, layout_gridlike, gammafunk_ghost_grave
Zot:3:    grunt_deathspiral_small, layout_cathedral_of_symmetry, st_stairs_14
Zot:4:    layout_onion_interference
Zot:5:    layout_misc_corridors

Skill      XL: |  1  2  3  4  5  6  7  8  9 10 11 12 13 14 15 16 17 18 19 20 21 22 23 24 25 26 27 |
---------------+----------------------------------------------------------------------------------+-----
Fighting       | 1 2 3 4 5 7 8 9 10 12 13 14 15 16 18 | 18.4
Evocations     | 1 2 5 8 9 11 | 11.3
Spellcasting   | 4 5 6 7 8 10 11 12 13 14 15 16 17 18 20 | 20.0
Conjurations   | 4 5 6 7 8 10 11 12 13 14 15 16 17 18 20 | 20.0
Hexes          | 4 5 6 7 8 10 11 12 13 14 15 16 17 18 20 | 20.0
Summonings     | 4 5 6 7 8 10 11 12 13 14 15 16 17 18 20 | 20.0
Necromancy     | 4 5 6 7 8 10 11 12 13 14 15 16 17 18 20 | 20.0
Translocations | 4 5 6 7 8 10 11 12 13 14 15 16 17 18 20 | 20.0
Fire Magic     | 4 5 6 7 8 10 11 12 13 14 15 16 17 18 20 | 20.0
Ice Magic      | 4 5 6 7 8 10 11 12 13 14 15 16 17 18 19 21 22 25 | 25.0
Air Magic      | 4 5 6 7 8 10 11 12 13 14 15 16 17 18 20 | 20.0
Earth Magic    | 4 5 6 7 8 10 11 12 13 14 15 16 17 18 20 | 20.0
Alchemy        | 4 5 6 7 8 10 11 12 13 14 15 16 17 18 20 | 20.0
Shields        | 1 4 5 6 8 10 12 14 15 18 20 24 | 24.1
Dodging        | 5 9 12 14 15 16 18 22 | 22.0
Armour         | 5 8 10 12 14 15 | 15.0
Stealth        | 3 8 11 | 11.7
Staves         | 5 9 |  9.5

Action                     |  1- 3 |  4- 6 |  7- 9 | 10-12 | 13-15 | 16-18 | 19-21 | 22-24 | 25-27 || total
---------------------------+-------+-------+-------+-------+-------+-------+-------+-------+-------++-------
  Melee: Whip              |       |    23 |    21 |    11 |       |       |       |       |       ||    55
         Staff             |       |       |       |       |    11 |    24 |    10 |    61 |    30 ||   136
   Cast: Foxfire           |    17 |     9 |    16 |    56 |    10 |    25 |       |       |       ||   133
         Scorch            |    37 |    70 |   106 |   166 |    34 |    67 |       |       |       ||   480
         Inner Flame       |       |     4 |    33 |   104 |   187 |    67 |    15 |       |       ||   410
         Flame Wave        |       |       |       |     4 |       |       |       |       |       ||     4
         Curse of Agony    |       |       |       |     1 |     1 |       |       |       |       ||     2
         Borgnjor's Vile C |       |       |       |       |   242 |   364 |   139 |    87 |    54 ||   886
         Summon Cactus Gia |       |       |       |       |     6 |    26 |       |     1 |       ||    33
         Haunt             |       |       |       |       |       |   134 |    19 |    13 |    11 ||   177
         Teleport Other    |       |       |       |       |       |     4 |       |       |       ||     4
         Bombard           |       |       |       |       |       |       |   547 |   638 |       ||  1185
         Summon Hydra      |       |       |       |       |       |       |    14 |    23 |       ||    37
         Infestation       |       |       |       |       |       |       |       |    15 |    27 ||    42
         Lehudib's Crystal |       |       |       |       |       |       |       |       |   421 ||   421
         Fire Storm        |       |       |       |       |       |       |       |       |   140 ||   140
 Invoke: Curse Item        |     1 |     1 |     3 |     3 |     3 |     1 |     2 |     2 |     1 ||    17
         Shatter the Chain |       |       |       |     1 |     1 |     1 |     3 |     1 |     1 ||     8
  Evoke: Wand              |       |       |       |       |     9 |       |     1 |     2 |     3 ||    15
    Use: Scroll            |       |       |       |       |       |       |    13 |    10 |    15 ||    38
         Potion            |       |       |       |       |       |       |     9 |     5 |    13 ||    27
   Stab: Distracted        |       |       |       |       |       |       |       |       |     1 ||     1
 Armour: Robe              |     4 |       |       |       |       |       |       |       |       ||     4
         Leather armour    |     9 |    29 |    94 |    83 |       |       |       |       |       ||   215
         Troll leather arm |       |       |       |    21 |   118 |   328 |   271 |   266 |   204 ||  1208
  Dodge: Dodged            |     7 |    39 |    52 |    67 |    94 |   446 |   215 |   177 |   174 ||  1271
  Block: Buckler           |       |       |    23 |    22 |    21 |   140 |    31 |       |       ||   237
         Kite shield       |       |       |       |       |       |       |   162 |   251 |    10 ||   423
         Tower shield      |       |       |       |       |       |       |       |       |   301 ||   301
